 Dungeon Crawl Stone Soup version 0.27-a0-1191-g601b473118 (webtiles) character file.

Game seed: 2503664441606137209

1685 Sobieck the Cleaver (level 9, -1/68 (70) HPs)
             Began as a Hill Orc Monk on May 23, 2021.
             Was a Priest of Yredelemnul.
             Killed from afar by a steam dragon (14 damage)
             ... with a ball of steam
             ... on level 6 of the Dungeon.
             The game lasted 00:19:00 (8262 turns).

Sobieck the Cleaver (Hill Orc Monk)                 Turns: 8262, Time: 00:19:01

HP:   -1/68 (70)    AC:  7    Str: 17    XL:     9   Next: 2%
MP:   0/14          EV: 10    Int: 10    God:    Yredelemnul [***...]
Gold: 396           SH:  0    Dex: 13    Spells: 8/8 levels left

rFire    . . .     SeeInvis .   q - +4 battleaxe {axe}
rCold    . . .     Faith    .   (shield currently unavailable)
rNeg     . . .     Spirit   +   x - +1 scale mail
rPois    .         Reflect  .   (no helmet)
rElec    .         Harm     .   (no cloak)
rCorr    .         Rampage  .   (no gloves)
Will     .....                  (no boots)
Stlth    +.........             r - amulet of guardian spirit
HPRegen  0.21/turn              (no ring)
MPRegen  0.14/turn              (no ring)

@: lightly drained
A: no striking features
a: Renounce Religion, Recall Undead Slaves, Injury Mirror, Animate Dead


You were on level 6 of the Dungeon.
You worshipped Yredelemnul.
Yredelemnul was most pleased with you.
You visited 1 branch of the dungeon, and saw 6 of its levels.

You collected 396 gold pieces.


   Skills:
 - Level 3.6 Fighting
 + Level 12.6 Axes
 - Level 2.4 Dodging
 - Level 2.3 Stealth
 - Level 7.0 Invocations


You had 8 spell levels left.
You didn't know any spells.
Your spell library contained the following spells:

 Spells                   Type           Power      Damage    Failure   Level
 Animate Skeleton         Necr           0%         N/A       80%         1
 Freeze                   Ice            0%         1d3       80%         1
 Pain                     Necr           0%         1d4       80%         1
 Sting                    Tmut/Pois      0%         1d3       80%         1
 Poisonous Vapours        Pois/Air       0%         N/A       91%         2
 Frozen Ramparts          Ice            0%         1d2       99%         3
 Ignite Poison            Fire/Tmut/Pois 0%         N/A       99%         3
 Mephitic Cloud           Conj/Pois/Air  0%         N/A       99%         3
 Ozocubu's Armour         Ice            0%         N/A       99%         3
 Vampiric Draining        Necr           0%         2d6       99%         3
 Animate Dead             Necr           0%         N/A       100%        4
 Hailstorm                Conj/Ice       0%         3d3       100%        4
 Olgreb's Toxic Radiance  Pois           0%         N/A       100%        4
 Agony                    Necr           0%         N/A       100%        5
 Metabolic Englaciation   Hex/Ice        0%         N/A       100%        5

Inventory:

Hand Weapons
 a - a +0 war axe {axe}
   (You found it on level 5 of the Dungeon)
 g - a +0 hand axe {axe}
 i - a +0 short sword of freezing {short}
   (You found it on level 5 of the Dungeon)
 l - a +0 flail {mace}
   (You found it on level 2 of the Dungeon)
 q - a +4 battleaxe (weapon) {axe}
   (You took it off a wight on level 6 of the Dungeon)
 v - a +0 halberd {polearm}
   (You found it on level 3 of the Dungeon)
 A - a +0 hunting sling {sling}
   (You found it on level 4 of the Dungeon)
Missiles
 c - 25 bolts
 d - 74 arrows
 f - 90 stones (quivered) {throwing}
 u - 27 sling bullets
 w - 5 atropa-tipped darts {throwing}
Armour
 h - a +0 chain mail
   (You found it on level 6 of the Dungeon)
 x - a +1 scale mail (worn)
   (You took it off an orc on level 4 of the Dungeon)
Jewellery
 r - an amulet of guardian spirit (around neck)
   (You found it on level 3 of the Dungeon)
 s - an amulet of magic regeneration {@e2}
   (You took it off a goblin on level 3 of the Dungeon)
Wands
 j - a wand of paralysis (4)
   (You found it on level 3 of the Dungeon)
 o - a wand of iceblast (9)
   (You found it on level 3 of the Dungeon)
Scrolls
 k - 3 scrolls of teleportation {@r4}
 m - 2 scrolls of blinking {!r}
 y - a scroll of noise {unknown}
Potions
 b - a potion of flight
 e - 2 potions of attraction {!q}
 n - a potion of curing {@q1}
 p - 3 potions of brilliance
 t - a potion of invisibility
 z - a potion of haste {@q3}

Dungeon Overview and Level Annotations

Branches:
Dungeon (6/15)
 Temple: D:4-7

Altars:
Dithmenos
Gozag
Hepliaklqana
Sif Muna
Yredelemnul
The Shining One

Annotations:
D:3 Natasha
D:4 3 runed translucent doors, kd29's ghost, amateur GrEE
D:6 Edmund

.....#....)##..).#
........)[..#.<###
.[..#..##.#..))#
....#.....##..### #.
.......####.....# #.
...@....###.#.#.## .#
..o.#..D..#.#....# ..
z...#.!##.#.##.#.##### #.
...######...##z#@....##
#. ..## ##.ZoยงDยง......#
#.## ###
.......##)#####..# #..#
##$............#.# ##.###
#.#######.###...####...##
#. #...##.......)..### #
######..<.#.#....#..#.
#........##......##...
..........##.....##.#.


You could see a steam dragon (catching breath).


Message History

Edmund shouts!
A wyvern skeleton comes into view. ๐Ÿ˜• HP[+1] ๐Ÿ˜• MP[+1]
Your mp is fully restored (13). ๐Ÿ˜• HP[+1] ๐Ÿ˜• HP[+1]
The orc hits you with a +0 dagger. ๐Ÿ˜• HP[-2] MP[-1]
You take 2 damage, and now have 61/64 hp.
You lost 1 mp, and now have 12/13 mp.
Your scale mail prevents you from hitting the orc.
You closely miss the orc. The orc closely misses you.
The orc barely misses you.
You hit the orc. You hit the orc but do no damage.
The orc hits you but does no damage.
The wight hits you from afar with a +0 halberd!
The orc hits you but does no damage. ๐Ÿ˜• HP[-5] MP[-1]
You take 5 damage, and now have 56/64 hp.
You lost 1 mp, and now have 11/13 mp.
You barely miss the orc. You hit the orc. The orc closely misses you.
The wight hits you from afar with a +0 halberd!
The orc hits you with a +0 club. ๐Ÿ˜ฎ HP[-9] MP[-2]
You take 9 damage, and now have 47/64 hp.
You lost 2 mp, and now have 9/13 mp.
You are too injured to fight recklessly!
You are too injured to fight recklessly!
You are too injured to fight recklessly!
Unknown command.
You slice the orc!!
You kill the orc!
Yredelemnul accepts your kill.
You slash the orc!
You kill the orc!
Yredelemnul accepts your kill. The wight misses you.
You call on the dead to rise...
The dead are walking!
The wight hits you from afar with a +0 halberd!
You feel drained.
* * * LOW HITPOINT WARNING * * *
๐Ÿ˜จ HP[-19] MP[-5]
You now have 62 max hp (-2).
You take 19 damage, and now have 28/62 hp.
MASSIVE DAMAGE!! (PAUSE)
You lost 5 mp, and now have 4/13 mp.
The wight hits you but does no damage.
You slash the wight!
Your orc zombie closely misses the wight.
Your orc zombie hits the wight but does no damage.
The wight hits you but does no damage. ๐Ÿ˜จ HP[+1] MP[+1] Unknown command.
You hit the wight.
Your orc zombie hits the wight but does no damage.
The wight hits you with a +0 halberd.
* * * LOW HITPOINT WARNING * * *
You feel drained.
* * * LOW HITPOINT WARNING * * *
Your orc zombie hits the wight but does no damage. ๐Ÿ˜จ HP[-4] MP[-1]
You now have 60 max hp (-2).
You take 4 damage, and now have 25/60 hp.
You lost 1 mp, and now have 4/13 mp.
You slash the wight!
You destroy the wight!
Yredelemnul accepts your kill. Yredelemnul grants you a wight!
The steam dragon breathes steam at you. The ball of steam hits your orc zombie!
Your orc zombie is destroyed!
The ball of steam hits your orc zombie!
Your orc zombie is destroyed!
The ball of steam hits you!
* * * LOW HITPOINT WARNING * * *
You have reached level 9!
Your experience leads to an increase in your attributes!
Increase (S)trength, (I)ntelligence, or (D)exterity?
You feel stronger. ๐Ÿ˜ฑ HP[-13] MP[-2]
You now have 68 max hp (+8).
You take 13 damage, and now have 12/68 hp.
You lost 2 mp, and now have 2/14 mp.
You swap places.
Your wight is engulfed in a cloud of scalding steam.
Your wight hits the steam dragon with a +3 hand axe!
Your wight hits the orc with a +3 hand axe.
The steam dragon bites your wight but does no damage.
The steam dragon barely misses your wight.
Your wight is engulfed in a cloud of scalding steam.
Your wight hits the steam dragon with a +3 hand axe!
Your wight completely misses the orc. ๐Ÿ˜ฑ HP[+1] Yredelemnul accepts your kill.
You feel a bit more experienced.
Unknown command.
The steam dragon breathes steam at you. The ball of steam hits you!
You die...
Your body rises from the dead as a mindless zombie.

Skill      XL: |  1  2  3  4  5  6  7  8 |
---------------+-------------------------+-----
Stealth        | 2 |  2.3
Axes           | 5 6 10 12 | 12.6
Invocations    | 1 3 5 7 |  7.0
Fighting       | |  3.6
Dodging        | |  2.4

Action                   |  1- 3 |  4- 6 |  7- 9 || total
-------------------------+-------+-------+-------++-------
Melee: Hand axe          |    96 |   132 |    20 ||   248
       Halberd           |       |     8 |       ||     8
       War axe           |       |       |   142 ||   142
       Battleaxe         |       |       |     8 ||     8
Throw: Stone             |       |       |     3 ||     3
Invok: Animate Remains   |     7 |       |       ||     7
       Recall Undead Sla |     1 |       |       ||     1
       Animate Dead      |       |    10 |     8 ||    18
  Use: Potion            |       |     1 |     3 ||     4
       Scroll            |       |     8 |     4 ||    12
 Stab: Sleeping          |     2 |     1 |       ||     3
       Distracted        |       |     2 |     3 ||     5
Armor: Robe              |    21 |    20 |       ||    41
       Skin              |       |     9 |       ||     9
       Scale mail        |       |    19 |    74 ||    93
Dodge: Dodged            |    69 |    73 |    75 ||   217

Levels and vault maps discovered:
D:1:      lightli_arrival_maybe_door_vault, layout_rooms
D:2:      layout_loops_ring, basic_altar, dk_noncrumbling_4
D:3:      layout_loops_ring, riverfiend_overflow_shadow_ancestor,
          shapermc_ecumenical_altar_gd, minmay_misc_feat_diagonals,
          kennysheep_generic_room_5, uniq_natasha, uniq_ijyb
D:4:      layout_cave_pools, gammafunk_ghost_nasty_kobolds, chequers_big_river
D:5:      layout_basic, tso_metal_star, hex_tiny, uniq_eustachio, uniq_grinder
D:6:      layout_rooms, grunt_temple_overflow_open, amcnicky_altar_gilded,
          minmay_temple_entry_tees, nicolae_ossuary_entry_monument,
          cheibrodos_sewer_entry_bend, uniq_edmund

Notes
Turn   | Place    | Note
-------+----------+-------------------------------------------
     0 | D:1      | Sobieck the Hill Orc Monk began the quest for the Orb.
     0 | D:1      | Reached XP level 1. HP: 19/19 MP: 1/1
     0 | D:1      | magus.rc [v1.9.6]
   199 | D:1      | Reached XP level 2. HP: 9/26 MP: 2/2
   434 | D:1      | Reached skill level 2 in Stealth
  1046 | D:2      | You pick up a book of Frost and begin reading...
  1046 | D:2      | You add the spells Freeze, Frozen Ramparts, Ozocubu's
                  | Armour, Hailstorm and Metabolic Englaciation to your
                  | library.
  1098 | D:3      | Reached XP level 3. HP: 31/31 MP: 3/3
  1188 | D:3      | Found a faded altar of an unknown god.
  1199 | D:3      | Became a worshipper of Yredelemnul the Dark
  1199 | D:3      | Reached * piety under Yredelemnul
  1199 | D:3      | Reached ** piety under Yredelemnul
  1893 | D:2      | Reached skill level 5 in Axes
  2176 | D:2      | Reached skill level 1 in Invocations
  2258 | D:2      | Found a shimmering blue altar of Sif Muna.
  3017 | D:3      | Reached *** piety under Yredelemnul
  3018 | D:3      | Reached XP level 4. HP: 37/39 MP: 2/5
  3206 | D:3      | Noticed Ijyb
  3229 | D:3      | Killed Ijyb
  3230 | D:3      | Reached skill level 2 in Invocations
  3438 | D:3      | Noticed Natasha
  3467 | D:3      | Killed Natasha
  3739 | D:3      | Found a shadowy altar of Dithmenos.
  3740 | D:3      | Noticed a shadow
  3744 | D:3      | Found a hazy altar of Hepliaklqana.
  3772 | D:3      | Noticed Natasha
  3800 | D:4      | Reached skill level 3 in Invocations
  3800 | D:4      | Reached XP level 5. HP: 27/45 MP: 5/7
  3932 | D:4      | Noticed a black bear
  3962 | D:4      | Noticed a phantom
  4004 | D:4      | HP: 6/45 [phantom (7)]
  4008 | D:4      | HP: 2/45 [phantom (3)]
  4009 | D:4      | Killed a phantom
  4010 | D:4      | Reached skill level 4 in Invocations
  4333 | D:4      | Received a gift from Yredelemnul (a mummy)
  4333 | D:4      | Reached skill level 5 in Invocations
  4338 | D:4      | Reached XP level 6. HP: 21/51 MP: 5/9
  4577 | D:4      | Reached skill level 6 in Invocations
  4702 | D:4      | You pick up a book of Necromancy and begin reading...
  4702 | D:4      | You add the spells Pain, Animate Skeleton, Vampiric
                  | Draining, Animate Dead and Agony to your library.
  4919 | D:4      | Reached skill level 6 in Axes
  4931 | D:4      | Killed a black bear
  5269 | D:4      | Found a runed translucent gate.
  5269 | D:4      | Found a runed translucent gate.
  5269 | D:4      | Found a runed translucent gate.
  5271 | D:4      | Noticed kd29's ghost (amateur GrEE)
  5673 | D:5      | Entered Level 5 of the Dungeon
  5692 | D:4      | Reached skill level 7 in Invocations
  5692 | D:4      | Reached XP level 7. HP: 53/57 MP: 10/12
  5804 | D:5      | Reached skill level 7 in Axes
  5917 | D:5      | You add the spells Sting, Poisonous Vapours, Mephitic
                  | Cloud, Ignite Poison and Olgreb's Toxic Radiance to your
                  | library.
  5978 | D:5      | Reached skill level 8 in Axes
  6131 | D:5      | Noticed Eustachio
  6147 | D:5      | Killed Eustachio
  6148 | D:5      | Reached skill level 9 in Axes
  6382 | D:5      | Noticed Grinder
  6397 | D:5      | Paralysed by Grinder for 6 turns
  6403 | D:5      | Killed Grinder
  6404 | D:5      | Reached skill level 10 in Axes
  6404 | D:5      | Reached XP level 8. HP: 59/64 MP: 13/13
  6516 | D:5      | Found a glowing golden altar of the Shining One.
  7213 | D:6      | HP: 14/64 [phantom (4)]
  7217 | D:6      | HP: 3/64 [phantom (6)]
  7224 | D:6      | Reached skill level 11 in Axes
  7459 | D:6      | Found an opulent altar of Gozag.
  7794 | D:6      | Reached skill level 12 in Axes
  8231 | D:6      | Noticed Edmund
  8258 | D:6      | Received a gift from Yredelemnul (a wight)
  8258 | D:6      | HP: 11/60 [something/ball of steam (14)]
  8259 | D:6      | Reached XP level 9. HP: 12/68 MP: 2/14
  8262 | D:6      | Killed from afar by a steam dragon

Vanquished Creatures
  Grinder (D:5)
  Eustachio (D:5)
  2 ice beasts
  A black bear (D:5)
  2 necrophages
  2 ogres
  2 phantoms
  A water moccasin skeleton (D:5)
  3 wights (D:6)
  A howler monkey (D:4)
  A jelly (D:4)
  An orc priest (D:6)
  A hound (D:4)
  An iguana (D:4)
  Natasha (D:3)
  2 orc wizards
  A killer bee zombie (D:6)
  2 hound zombies (D:5)
  A hound skeleton (D:4)
  A howler monkey zombie (D:6)
  4 adders
  2 shadow imps
  A dart slug (D:2)
  8 orcs
  7 endoplasms
  2 giant cockroaches (D:3)
  5 goblins
  5 hobgoblins
  6 jackals
  4 ball pythons
  2 bats
  2 frilled lizards
  2 kobolds
  5 rats
83 creatures vanquished.

Vanquished Creatures (collateral kills)
  A black bear (D:4)
  Ijyb (D:3)
  2 orc wizards
  4 adders
  An orc (D:6)
  2 quokkas
  A ball python (D:4)
  A frilled lizard (D:3)
  A goblin (D:3)
14 creatures vanquished.

Vanquished Creatures (others)
  An orc (D:6)
  An ogre zombie (D:6)
  2 adder zombies
  A ball python zombie (D:4)
  A black bear zombie (D:5)
  2 frilled lizard zombies (D:3)
  A giant cockroach zombie (D:3)
  3 goblin zombies
  2 hobgoblin zombies
  A howler monkey zombie (D:4)
  4 jackal zombies
  A necrophage skeleton (D:6)
  5 orc zombies
  A quokka zombie (D:4)
  5 fungi
  21 plants
52 creatures vanquished.

Grand Total: 149 creatures vanquished

Table legend:
 A = Non-vault XP
 B = Vault XP
 C = Vault XP percentage of total XP
 D = Non-vault monster count
 E = Vault monster count
 F = Vault count percentage of total count
                 A         B        C        D         E       F
            +---------+---------+-------+---------+---------+-------
      Total |    1946 |     462 |  19.2 |      90 |       7 |   7.2
            +---------+---------+-------+---------+---------+-------
        D:1 |      15 |       0 |   0.0 |      10 |       0 |   0.0
        D:2 |      29 |       0 |   0.0 |       9 |       0 |   0.0
        D:3 |      54 |      64 |  54.2 |      15 |       5 |  25.0
        D:4 |     469 |       0 |   0.0 |      28 |       0 |   0.0
        D:5 |     569 |     398 |  41.2 |      10 |       2 |  16.7
        D:6 |     810 |       0 |   0.0 |      18 |       0 |   0.0
            +---------+---------+-------+---------+---------+-------

Illustrated notes

Table legend:
 A = Kills in this place as a percentage of kills in entire the game.
 B = Kills by you in this place as a percentage of kills by you in the entire game.
 C = Kills by friends in this place as a percentage of kills by friends in the entire game.
 D = Other kills in this place as a percentage of other kills in the entire game.
 E = Experience gained in this place as a percentage of experience gained in the entire game.
 F = Experience gained in this place divided by the number of levels of this place that you have seen.
                   A       B       C       D       E      F
               +-------+-------+-------+-------+-------+----------------------
         Total | 100.0 | 100.0 | 100.0 |   N/A | 100.0 | 401.3
       Dungeon | 100.0 | 100.0 | 100.0 |   N/A | 100.0 | 401.3
               +-------+-------+-------+-------+-------+----------------------

Table legend: (Time is in decaauts)
 A = Elapsed time spent in this place.
 B = Non-inter-level travel time spent in this place.
 C = Inter-level travel time spent in this place.
 D = Time resting spent in this place.
 E = Time spent auto-exploring this place.
 F = Levels seen in this place.
 G = Mean time per level.
                   A        B        C        D        E       F      G
               +--------+--------+--------+--------+--------+-----+--------+
         Total |   8293 |   7794 |    499 |   3261 |   2925 |   6 | 1382.2 |
       Dungeon |   8293 |   7794 |    499 |   3261 |   2925 |   6 | 1382.2 |
               +--------+--------+--------+--------+--------+-----+--------+

Top non-repeatable levels by time:
     D:4: 1934 daAuts
     D:3: 1524 daAuts
     D:5: 1495 daAuts
     D:2: 1164 daAuts
     D:1: 1107 daAuts
     D:6: 1068 daAuts
